 Dungeon Crawl Stone Soup version 0.31-a0-654-gbe3e110b4e (webtiles) character file.

Game seed: 536744997762964580

108 bjtr the Cudgeller (level 4, -1/18 (27) HPs)
             Began as a Gargoyle Reaver on Aug 30, 2023.
             Slain by a hell rat (11 damage)
             ... in a sewer.
             The game lasted 00:07:00 (1786 turns).

bjtr the Cudgeller (Gargoyle Reaver)                Turns: 1786, Time: 00:07:01

HP:   -1/18 (27)    AC:  7    Str: 15    XL:     4   Next: 87%
MP:   7/7           EV: 11    Int: 16    God:
Gold: 88            SH:  0    Dex:  8    Spells: 6/7 levels left

rFire   + . .        a - +1 mace
rCold   . . .        (no shield)
rNeg    + . .        b - +0 leather armour
rPois   ∞            (no helmet)
rElec   +            (no cloak)
rCorr   .            e - +0 pair of gloves
SInv    .            (no boots)
Will    .....        (no amulet)
Stlth   +            q - ring of protection from fire
HPRegen 0.23/turn    (no ring)
MPRegen 0.10/turn

%: no passive effects
@: very heavily drained
A: sickness immunity, AC +3, negative energy resistance 1, electricity
resistance, torment resistance 1, petrification resistance
a: no special abilities


You were in a sewer.
You visited 1 branch of the dungeon, and saw 3 of its levels.
You also visited: Sewer.

You collected 88 gold pieces.

Inventory:

Hand Weapons
 a - a +1 mace (weapon)
 n - a +0 war axe
Missiles
 c - 5 darts of dispersal
Armour
 b - a +0 leather armour (worn)
 e - a +0 pair of gloves (worn)
Magical Staves
 j - a staff of conjuration
Jewellery
 q - a ring of protection from fire (left hand)
Potions
 d - a potion of curing
 f - a potion of mutation {unknown}
 g - 2 potions of brilliance
 h - a potion of lignification {unknown}
 i - a potion of degeneration {unknown}
 k - a potion of cancellation {unknown}
 p - a potion of heal wounds {unknown}


   Skills:
 + Level 2.9 Fighting
 + Level 4.2 Maces & Flails
 + Level 1.8 Armour
 - Level 1.5 Dodging
 + Level 2.1 Spellcasting
 + Level 3.7 Conjurations


You had 6 spell levels left.
You knew the following spells:

 Your Spells              Type           Power      Damage    Failure   Level
a - Kiss of Death         Conj/Necr      28%        2d7       12%         1

Your spell library contained the following spells:

 Spells                   Type           Power      Damage    Failure   Level
 Momentum Strike          Conj/Tloc      14%        3d8       17%         2
 Freeze                   Ice            4%         1d3       26%         1
 Hailstorm                Conj/Ice       7%         3d4       34%         3
 Frozen Ramparts          Ice            2%         1d1       58%         3


Dungeon Overview and Level Annotations

Branches:
Dungeon (3/15)              Sewer (1/1)

Altars:
Makhleb

Shops:
D:2 [


Innate Abilities, Weirdness & Mutations

You are immune to sickness and miasma.
Your stone body is resilient. (AC +3)
You are immune to poison.
You resist negative energy. (rN+)
You are resistant to electric shocks. (rElec)
You are resistant to unholy torment.
You are immune to petrification.


Message History

You kill the rat!
You start resting.
Your magical contamination has completely faded away.
You start resting.
Magic restored.
You start resting.
HP restored.
As you read the scroll of identify, it crumbles to dust.
d - a potion of curing You enter the shallow water.
Moving in this stuff is going to be slow.
A rat comes into view.
The rat bites you but does no damage.
You barely miss the rat. The rat closely misses you.
You barely miss the rat. The rat completely misses you.
You hit the rat.
You kill the rat!
You enter the shallow water.
Moving in this stuff is going to be slow.
You enter the shallow water.
Moving in this stuff is going to be slow.
You open the door.
A hell rat comes into view.
Found seven items.
Found a gate leading back out of this place.
There is an open door here.
You closely miss the hell rat. You hit the hell rat but do no damage.
The hell rat closely misses you.
The hell rat bites you but does no damage.
You closely miss the hell rat. The hell rat bites you!
Ouch! That really hurt!
You barely miss the hell rat.
The hell rat splashes around in the water.
The hell rat bites you but does no damage.
You closely miss the hell rat.
The hell rat splashes around in the water.
You barely miss the hell rat. The hell rat closely misses you.
The hell rat bites you!
Ouch! That really hurt!
You die...

###...###
#..~.~~.#
##.~..~..##
#~~.###††.#
##.~##~##††##
#~~.#...#~~~#
#~~##~~?##~~#
#.~#~~~!?#..#
#~.@r~~?∩#∩∩#
#~.#~~~!!#~~#
#~.##~.?##..#
#~~~ ~~.#~.~#
##..# .##.~##
#~~~ ##.~~#
##.~~ .~~##
~.~~~..


You could see a hell rat.

Vanquished Creatures
  3 adders
  3 river rats
  2 worms
  3 endoplasms
  3 giant cockroaches
  5 goblins
  4 hobgoblins
  2 jackals (D:1)
  3 quokkas
  6 ball pythons
  3 bats
  4 frilled lizards
  3 kobolds
  8 rats
52 creatures vanquished.

Notes
Turn   | Place    | Note
-------+----------+-------------------------------------------
     0 | D:1      | bjtr the Gargoyle Reaver began the quest for the Orb.
     0 | D:1      | Reached XP level 1. HP: 12/12 MP: 3/3
    66 | D:1      | Reached XP level 2. HP: 10/17 MP: 5/5
   783 | D:2      | Reached XP level 3. HP: 22/22 MP: 6/6
   828 | D:2      | Reached skill level 1 in Armour
  1149 | D:2      | Found Mot Pynk's Armour Shop.
  1460 | D:3      | Found a burning altar of Makhleb.
  1489 | D:3      | Reached XP level 4. HP: 20/27 MP: 7/7
  1599 | D:3      | Found a glowing drain.
  1631 | D:3      | Reached skill level 4 in Maces & Flails
  1689 | Sewer    | Entered a sewer
  1786 | Sewer    | Slain by a hell rat

Illustrated notes

Levels and vault maps discovered:
D:1:      psy_arrival_fountain, layout_loops_ring
D:2:      layout_loops_ring, serial_shops, nicolae_shop_statue_plus
D:3:      layout_rooms, bloody_makhleb, portal_sewer_entry_a
Sewer:    sewer_hellmonk_bad_rat

Skill      XL: |  1  2  3  4 |
---------------+-------------+-----
Armour         | 1 |  1.8
Maces & Flails | 4 |  4.2
Fighting       | |  2.9
Dodging        | |  1.5
Spellcasting   | |  2.1
Conjurations   | |  3.7

Action                     |  1- 3 |  4- 6 || total
---------------------------+-------+-------++-------
  Melee: Mace              |    99 |    81 ||   180
         Punch             |       |     1 ||     1
   Cast: Kiss of Death     |       |     2 ||     2
    Use: Scroll            |     6 |     2 ||     8
 Armour: Leather armour    |    48 |    40 ||    88
  Dodge: Dodged            |    66 |    85 ||   151

Table legend: (Time is in decaauts)
 A = Elapsed time spent in this place.
 B = Non-inter-level travel time spent in this place.
 C = Inter-level travel time spent in this place.
 D = Time resting spent in this place.
 E = Time spent auto-exploring this place.
 F = Levels seen in this place.
 G = Mean time per level.
                   A        B        C        D        E       F      G
               +--------+--------+--------+--------+--------+-----+--------+
         Total |   1831 |   1780 |     51 |     73 |   1155 |   4 |  457.8 |
       Dungeon |   1723 |   1672 |     51 |     28 |   1144 |   3 |  574.3 |
         Sewer |    107 |    107 |      0 |     45 |     11 |   1 |  107.0 |
               +--------+--------+--------+--------+--------+-----+--------+

Top non-repeatable levels by time:
     D:1: 756 daAuts
     D:2: 671 daAuts
     D:3: 295 daAuts
   Sewer: 107 daAuts
